 Dungeon Crawl Stone Soup version 0.25-a0-523-g9afb2ee040 (webtiles) character file.

Game seed: 6308509744336525127, levelgen mode: deterministic

127 Flugslaktarn the Shield-Bearer (level 4, -11/42 HPs)
             Began as a Deep Dwarf Fighter on Feb 18, 2020.
             Killed by nerve-wracking pain
             ... invoked by an orc priest
              (12 damage)
             ... on level 4 of the Dungeon.
             The game lasted 00:00:35 (621 turns).

Flugslaktarn the Shield-Bearer (Deep Dwarf Fighter)  Turns: 621, Time: 00:00:36

Health: -11/42     AC:  8    Str: 21      XL:     4   Next: 85%
Magic:  4/4        EV:  7    Int:  8      God:
Gold:   58         SH:  9    Dex: 11 (12) Spells: 3/3 levels left

rFire    + . .     SeeInvis .   a - +0 war axe
rCold    . . .     Gourm    .   c - +0 kite shield
rNeg     . . .     Faith    .   b - +0 scale mail
rPois    .         Spirit   .   q - +0 helmet
rElec    .         Reflect  .   (no cloak)
rCorr    .         Harm     .   (no gloves)
MR       .....                  (no boots)
Stlth    ..........             (no amulet)
HPRegen  0.00/turn              p - ring of Jerovuum {Wiz rF+ Slay+2}
MPRegen  0.09/turn              (no ring)

@: non-regenerating
A: damage resistance, heal wounds, sense surroundings 1, no regeneration
a: Heal Wounds


You were on level 4 of the Dungeon.
You were not hungry.

You visited 1 branch of the dungeon, and saw 4 of its levels.

You collected 58 gold pieces.

Inventory:

Hand Weapons
 a - a +0 war axe (weapon)
Armour
 b - a +0 scale mail (worn)
 c - a +0 kite shield (worn)
 q - a +0 helmet (worn)
   (You found it on level 4 of the Dungeon)
Jewellery
 p - the ring of Jerovuum (left hand) {Wiz rF+ Slay+2}
   (You found it on level 4 of the Dungeon)

   [ring of wizardry]

   It improves your spell success rate.
   It affects your accuracy and damage with ranged weapons and melee attacks
   (+2).
   It protects you from fire.
Scrolls
 g - 3 scrolls of remove curse {unknown}
 h - a scroll of fear {unknown}
 m - a scroll of identify {unknown}
 n - a scroll of amnesia {unknown}
 o - a scroll of random uselessness {unknown}
Potions
 d - a potion of might
 i - a potion of degeneration {unknown}
 j - 3 potions of lignification {unknown}
 k - a potion of brilliance {unknown}
 l - 3 potions of ambrosia {unknown}
Comestibles
 e - 5 rations
 f - 3 chunks of flesh


   Skills:
 + Level 3.3 Fighting
 * Level 3.9 Axes
 + Level 4.0 Armour
 + Level 4.0 Shields


You had 3 spell levels left.
You didn't know any spells.
Your spell library was empty.

Dungeon Overview and Level Annotations

Branches:
Dungeon (4/15)
 Temple: D:4-7

Altars:

Annotations:
D:4 Eustachio


Innate Abilities, Weirdness & Mutations

You are resistant to damage.
You can heal yourself by infusing magical energy.
You passively map a small area around you.
You do not regenerate.


Message History

You are too injured to fight recklessly!
You are too injured to fight recklessly!
You are too injured to fight recklessly!
You are too injured to fight recklessly!
You are too injured to fight recklessly!
You are too injured to fight recklessly!
You are too injured to fight recklessly!
You are too injured to fight recklessly!
You are too injured to fight recklessly!
You are too injured to fight recklessly!
You are too injured to fight recklessly!
You are too injured to fight recklessly!
You fail to use your ability.
The orc throws a boomerang.
You block the boomerang.
The weapon returns to the orc!
You block Eustachio's attack. The white imp hits you.
The white imp freezes you.
* * * LOW HITPOINT WARNING * * *
The orc priest invokes the aid of Beogh against you.
Pain shoots through your body!
You die...

* .##.# *, * * * .
#.# * * ##. #.#
#..*#.# *## #.#
#.# .. * *
.#.####.###.# o# *
............## *o#
*
.#####.##...####.#
#. #.##...5b@@o#
#.# #.##...###55#
** #.#
#.###.....b.......
#.# #.#
######?.###### #.#
#.# #..# #.#####.#
#..# ........#
#..# * ......###
#..# * #.###.#
#..# *


You could see Eustachio, an iron imp, 2 orc priests, a white imp, a shadow imp,
an orc and 2 bats.

Vanquished Creatures
  Natasha (D:3)
  3 worker ants (D:4)
  A howler monkey skeleton (D:4)
  A leopard gecko (D:4)
  2 orcs (D:4)
  A giant cockroach (D:4)
  A goblin (D:2)
  A hobgoblin (D:3)
  3 kobolds
  3 bats
  A leopard gecko skeleton (D:4)
  6 rats
24 creatures vanquished.

Notes
Turn   | Place    | Note
-------+----------+-------------------------------------------
     0 | D:1      | Flugslaktarn the Deep Dwarf Fighter began the quest for the
                  | Orb.
     0 | D:1      | Reached XP level 1. HP: 20/20 MP: 1/1
   297 | D:2      | Reached XP level 2. HP: 24/27 MP: 2/2
   372 | D:3      | Noticed Natasha
   377 | D:3      | Killed Natasha
   377 | D:3      | Reached XP level 3. HP: 24/34 MP: 3/3
   431 | D:4      | Reached XP level 4. HP: 27/42 MP: 4/4
   493 | D:4      | Got a sparkling iron ring
   494 | D:4      | Identified the ring of Jerovuum {Wiz rF+ Slay+2} (You found
                  | it on level 4 of the Dungeon)
   570 | D:4      | Noticed Eustachio
   620 | D:4      | HP: 2/42 [orc priest/+0 flail (3)]
   621 | D:4      | Killed from afar by an orc priest

Levels and vault maps discovered:
D:1:      onia_arrival_pyramid, layout_basic
D:2:      layout_basic, first_ration
D:3:      layout_basic, uniq_natasha
D:4:      layout_loops_ring, uniq_eustachio

Skill      XL: |  1  2  3  4 |
---------------+-------------+-----
Fighting       | 3 |  3.3
Axes           | 3 |  3.9
Armour         | 4 |  4.0
Shields        | 4 |  4.0

Action                   |  1- 3 |  4- 6 || total
-------------------------+-------+-------++-------
Melee: War axe           |    61 |    59 ||   120
 Abil: Heal Wounds       |     1 |     1 ||     2
Armor: Scale mail        |    25 |    74 ||    99
Dodge: Dodged            |    25 |    46 ||    71
Block: Kite shield       |    37 |    48 ||    85

Table legend:
 A = Non-vault XP
 B = Vault XP
 C = Vault XP percentage of total XP
 D = Non-vault monster count
 E = Vault monster count
 F = Vault count percentage of total count
                 A         B        C        D         E       F
            +---------+---------+-------+---------+---------+-------
      Total |     146 |      36 |  19.8 |      23 |       1 |   4.2
            +---------+---------+-------+---------+---------+-------
        D:1 |       8 |       0 |   0.0 |       6 |       0 |   0.0
        D:2 |       8 |       0 |   0.0 |       6 |       0 |   0.0
        D:3 |       4 |      36 |  90.0 |       2 |       1 |  33.3
        D:4 |     126 |       0 |   0.0 |       9 |       0 |   0.0
            +---------+---------+-------+---------+---------+-------
